cohdb
Replays
Latest Replays
All Replays
Popular Replays
Top Player Replays
Match Explorer
How It Works
Community
CoH3 Stats
Reddit
Sign in to upload your games and track your stats! →
Sign in with Steam
Match 39766513
Unlisted
Match 39766513
Overview
Messages
Build Orders
End
Vickers Machine Gun Team
Selects Heavy Armor Battlegroup
Royal Engineer Section
Construct Section Command Post
Royal Engineer Section
Dingo Light Scout Car
Construct Platoon Command Post
Selects Light Vehicle Withdraw and Refit
Humber Armored Car
Humber Armored Car
Selects UNKNOWN (202330)
Humber Armored Car
Warris LeBad
Spriggan
Team saupiquet
BooralKing
只因集团军
Skittles13
CorpoBear
十三将士归玉门
0
0
Comments
sign in to comment!
No comments posted yet!